[Event "Titled Tuesday Blitz April 18 Early 2023"]
[White "Novikov, Evgenij"]
[Black "Korchmar, Vasiliy"]
[WhiteFideId "4125380"]
[BlackFideId "24131750"]
[WhiteElo "2242"]
[BlackElo "2370"]
[Result "1/2-1/2"]
[Round "10"]
[TimeControl "180+2"]
[Date "2023.04.18"]
[WhiteClock "0:00:06"]
[BlackClock "0:00:03"]

1. d4 d5 2. c4 c6 3. Nf3 Nf6 4. e3 e6 5. Qc2 Nbd7 6. Nc3 Bd6 7. e4 dxe4 8. Nxe4 Nxe4 9. Qxe4 O-O 10. Bd3 Nf6 11. Qe2 c5 12. dxc5 Bxc5 13. O-O b6 14. Bf4 Bb7 15. Rad1 Qe7 16. a3 a5 17. Rfe1 Rfd8 18. Ne5 Bd4 19. Bb1 Rac8 20. b3 Qxa3 21. Nxf7 Kxf7 22. Qxe6+ Kf8 23. g4 Qc5 24. g5 Bxf2+ 25. Kf1 Ne8 26. Bxh7 Bg2+ 27. Kxg2 Qc6+ 28. Qxc6 Rxc6 29. Rxd8 Bxe1 30. g6 Bb4 31. h4 Be7 32. Rd3 Bxh4 33. Rf3 Bf6 34. Be3 Ke7 35. Rf4 Re6 36. Bf2 Kf8 37. Rf3 Nc7 38. Bg3 Na6 39. Rd3 Nc5 40. Rd5 Nxb3 41. Bd6+ Ke8 42. Bc7 Nc5 43. Bg8 Re2+ 44. Kf3 Rb2 45. Bf7+ Ke7 46. Bd6+ Kd7 47. Bxc5+ Kc6 48. Bd4 Rb3+ 49. Ke4 Bxd4 50. Kxd4 a4 51. Rd8 a3 52. Ra8 Rg3 53. Rb8 a2 54. Ra8 Rg2 55. Kc3 Kd6 56. Kb4 Kc7 57. Kc3 Kb7 58. Ra4 Kc7 59. Bd5 Rg3+ 60. Kb4 Rxg6 61. Rxa2 Rg1 62. Ra7+ Kd6 63. Kb5 Rb1+ 64. Ka6 g5 65. Rg7 Kc5 66. Kb7 b5 67. Rxg5 bxc4+ 68. Kc7 Kd4 69. Bxc4 Kxc4 70. Rg4+ Kc3 71. Rg6 Kd2 72. Rc6 Rb2 73. Rd6+ Kc3 74. Rc6+ Kd4 75. Rd6+ Ke5 76. Rc6 Kd5 77. Rd6+ Ke5 78. Rc6 Kd5 79. Rd6+ Ke5 1/2-1/2


[Site "https://www.chess.com"]

[Event "Titled Tuesday Blitz April 18 Early 2023"]
[White "Bilan, Danila"]
[Black "Kosteniuk, Alexandra"]
[WhiteFideId "24161918"]
[BlackFideId "4128125"]
[WhiteElo "2182"]
[BlackElo "2453"]
[Result "1/2-1/2"]
[Round "10"]
[TimeControl "180+2"]
[Date "2023.04.18"]
[WhiteClock "0:00:05"]
[BlackClock "0:00:06"]

1. d4 f5 2. Nf3 Nf6 3. g3 g6 4. Bg2 Bg7 5. O-O O-O 6. c4 d6 7. Nc3 a5 8. Qc2 Na6 9. b3 c6 10. Bb2 Nc7 11. e4 fxe4 12. Nxe4 Nxe4 13. Qxe4 Bf5 14. Qe3 Qd7 15. Rfe1 Rae8 16. Bc3 b6 17. Nh4 Bh3 18. Re2 Bxg2 19. Nxg2 Rf7 20. Rae1 Ref8 21. Qd3 e6 22. f4 a4 23. Nh4 axb3 24. axb3 Ra8 25. Nf3 Re7 26. Ng5 d5 27. Nf3 dxc4 28. bxc4 Ra3 29. Ne5 Qe8 30. Qc2 c5 31. Bb2 Ra6 32. d5 exd5 33. cxd5 Nb5 34. Qb3 Nd6 35. Qd3 Ra2 36. Nc6 Rxe2 37. Rxe2 Qf7 38. Bxg7 Rxe2 39. Qxe2 Kxg7 40. Qe5+ Qf6 41. Nd8 Nc4 42. Ne6+ Kf7 43. Ng5+ Kg7 44. Ne6+ Kf7 45. Ng5+ Kg7 46. Ne6+ 1/2-1/2


[Site "https://www.chess.com"]

[Event "Titled Tuesday Blitz April 18 Early 2023"]
[White "Bilych, Olexiy"]
[Black "Lehtosaari, Mauri"]
[WhiteFideId "14156504"]
[BlackFideId "501999"]
[WhiteElo "2320"]
[BlackElo "2512"]
[Result "1-0"]
[Round "10"]
[TimeControl "180+2"]
[Date "2023.04.18"]
[WhiteClock "0:00:04"]
[BlackClock "0:00:04"]

1. d4 d5 2. c4 c6 3. Nf3 Nf6 4. Nc3 dxc4 5. a4 Bf5 6. e3 e6 7. Bxc4 Bb4 8. O-O O-O 9. Qe2 Bg6 10. Ne5 Nbd7 11. Nxg6 hxg6 12. e4 e5 13. d5 Nh5 14. Rd1 Qe7 15. dxc6 bxc6 16. g3 Rad8 17. h4 Ndf6 18. Bg5 Qc5 19. Kg2 Rd4 20. Rxd4 Qxd4 21. Rd1 Qc5 22. Na2 Ba5 23. b4 Bxb4 24. Nxb4 Qxb4 25. Qc2 Kh7 26. Rb1 Qc5 27. Be3 Qe7 28. Be2 Rd8 29. Qxc6 Rd6 30. Rb7 Rxc6 31. Rxe7 Nxe4 32. Rxf7 Nhf6 33. Rxa7 Rc2 34. Bd3 Ra2 35. a5 Nc3 36. Bc4 Rc2 37. a6 Nd1 38. Bd3 Nxe3+ 39. Kf3 Ra2 40. Kxe3 Nd5+ 41. Kf3 Nb4 42. Be4 Rxa6 43. Re7 Ra5 44. Re6 Rc5 45. Bxg6+ Kh6 46. g4 1-0


[Site "https://www.chess.com"]

[Event "Titled Tuesday Blitz April 18 Early 2023"]
[White "Rodchenkov, Sergey D."]
[Black "Aaditya Dhingra"]
[WhiteFideId "4168712"]
[BlackFideId "25678191"]
[WhiteElo "2277"]
[BlackElo "2083"]
[Result "0-1"]
[Round "10"]
[TimeControl "180+2"]
[Date "2023.04.18"]
[WhiteClock "0:00:01"]
[BlackClock "0:00:11"]

1. e4 g6 2. d4 Bg7 3. Nf3 d5 4. exd5 Qxd5 5. Nc3 Qd8 6. Bc4 Nf6 7. Bg5 O-O 8. Qd2 Bg4 9. O-O-O Bxf3 10. gxf3 Nbd7 11. Bh6 Nb6 12. Bb3 a5 13. a3 a4 14. Ba2 c6 15. h4 Nh5 16. Ne4 Nd5 17. Ng3 Ndf6 18. Rdg1 Qa5 19. c3 Kh8 20. Ne4 Qc7 21. Bxg7+ Kxg7 22. Kb1 Qf4 23. Qe2 Ra5 24. Rg5 Rf5 25. Rxf5 Qxf5 26. Ka1 Nf4 27. Qe3 N6d5 28. Qd2 Ne6 29. Qd1 h5 30. Rg1 b5 31. Bb1 Qf4 32. Ng5 Nxg5 33. Rxg5 e6 34. Qd3 f5 35. Qe2 Qxh4 36. Rg1 Qf6 37. Qd2 h4 38. f4 h3 39. Qe3 Rh8 40. Rh1 Kf7 41. Rxh3 Rxh3 42. Qxh3 Nxf4 43. Qh7+ Qg7 44. Qh2 g5 45. f3 Kg6 46. Qg3 Qh8 47. Qe1 Kf7 48. Qg3 Qh4 49. Qg1 g4 50. fxg4 Qxg4 51. Qh1 Nd5 52. Qh7+ Qg7 53. Qh4 Ke8 54. Qh2 Kd7 55. Qb8 Qg1 56. Qf8 f4 57. Qf7+ Kd6 58. Qf8+ Kc7 59. Qf7+ Kb6 60. Qf8 Kb7 61. Qf7+ Nc7 62. Qxf4 Qd1 63. Qe5 Qb3 64. Qe4 Kb6 0-1


[Site "https://www.chess.com"]

[Event "Titled Tuesday Blitz April 18 Early 2023"]
[White "Tregubov, Pavel V."]
[Black "Degenbaev, Aziz"]
[WhiteFideId "4115341"]
[BlackFideId "13802640"]
[WhiteElo "2425"]
[BlackElo "2152"]
[Result "1-0"]
[Round "10"]
[TimeControl "180+2"]
[Date "2023.04.18"]
[WhiteClock "0:00:22"]
[BlackClock "0:00:05"]

1. e4 c5 2. Nf3 d6 3. Bb5+ Nd7 4. Ba4 Nf6 5. O-O e6 6. Re1 a6 7. c3 b5 8. Bc2 c4 9. a4 Bb7 10. b3 Be7 11. bxc4 bxc4 12. Na3 Rc8 13. Rb1 Ba8 14. Qe2 Qc7 15. d4 cxd3 16. Bxd3 Nc5 17. Bxa6 Nxa6 18. Qxa6 Bxe4 19. Nb5 Qc6 20. Qxc6+ Rxc6 21. Nfd4 Rc8 22. Ra1 Bb7 23. a5 Ba6 24. Na7 Ra8 25. Nac6 Nd5 26. Ba3 g6 27. Rec1 e5 28. c4 Nf4 29. g3 Nd3 30. Rc3 Nxf2 31. Nb5 Bxb5 32. cxb5 Ne4 33. Rd3 Nc5 34. Bxc5 dxc5 35. b6 c4 36. Rd5 1-0


[Site "https://www.chess.com"]

[Event "Titled Tuesday Blitz April 18 Early 2023"]
[White "Kucuksari, Kaan"]
[Black "Chernomordik, Pavel"]
[WhiteFideId "6380166"]
[BlackFideId "2804530"]
[WhiteElo "2364"]
[BlackElo "2193"]
[Result "1-0"]
[Round "10"]
[TimeControl "180+2"]
[Date "2023.04.18"]
[WhiteClock "0:00:16"]
[BlackClock "0:00:09"]

1. e4 g6 2. d4 Bg7 3. Nf3 d6 4. Be2 b6 5. O-O Bb7 6. Nc3 e6 7. Re1 Nd7 8. a4 a6 9. e5 Ne7 10. Bf1 h6 11. Bf4 d5 12. h4 c5 13. Ne2 cxd4 14. Nexd4 Nc6 15. Bd3 Nxd4 16. Nxd4 Qxh4 17. Bxg6 Qxf4 18. Nxe6 Qc4 19. Nxg7+ Kf8 20. e6 Kxg7 21. Bd3 Qf4 22. exd7 Rad8 23. Re3 Rxd7 24. Qh5 d4 25. Rg3+ Kf8 26. Re1 Rg8 27. Re8+ Kxe8 28. Rxg8+ Ke7 29. Qe2+ Kd6 30. Re8 Qf6 31. Bxa6 Bc6 32. Bb5 Rc7 33. c3 dxc3 34. Qd3+ Bd5 35. Qg3+ Kc5 36. Qxc7+ Kb4 37. Qxc3+ Qxc3 38. bxc3+ Kxc3 39. Re3+ Kd4 40. Rd3+ 1-0


[Site "https://www.chess.com"]

[Event "Titled Tuesday Blitz April 18 Early 2023"]
[White "Jumanov, Elbek"]
[Black "Averjanov, Alexey"]
[WhiteFideId "14202905"]
[BlackFideId "14109867"]
[WhiteElo "2055"]
[BlackElo "2629"]
[Result "0-1"]
[Round "10"]
[TimeControl "180+2"]
[Date "2023.04.18"]
[WhiteClock "0:00:15"]
[BlackClock "0:02:37"]

1. c4 c5 2. Nf3 Nc6 3. Nc3 g6 4. d4 cxd4 5. Nxd4 Bg7 6. Nc2 Bxc3+ 7. bxc3 d6 8. g3 Nf6 9. Bg2 O-O 10. O-O Bd7 11. Bh6 Re8 12. Rb1 b6 13. Ne3 Rc8 14. Nd5 Ng4 15. Bg5 Nge5 16. Ne3 Na5 17. h4 Naxc4 18. h5 Nxe3 19. Bxe3 Rxc3 20. Bd4 Rc7 21. hxg6 hxg6 22. Bxe5 dxe5 23. Qd5 Bf5 24. Rbd1 Qxd5 25. Rxd5 Be6 26. Rd2 Rec8 27. a4 Rc4 28. a5 bxa5 29. Ra1 a4 30. Rda2 Rc1+ 31. Rxc1 Rxc1+ 0-1


[Site "https://www.chess.com"]

[Event "Titled Tuesday Blitz April 18 Early 2023"]
[White "Kozin, Yuri"]
[Black "Rios Escobar, Adan"]
[WhiteFideId "4129920"]
[BlackFideId "3403645"]
[WhiteElo "2627"]
[BlackElo "2480"]
[Result "0-1"]
[Round "10"]
[TimeControl "180+2"]
[Date "2023.04.18"]
[WhiteClock "0:00:49"]
[BlackClock "0:01:11"]

1. e4 c5 2. Nf3 d6 3. d4 cxd4 4. Nxd4 Nf6 5. Nc3 a6 6. Be3 e5 7. Nf3 Be7 8. Bc4 Be6 9. Bxe6 fxe6 10. O-O Nc6 11. h3 O-O 12. Qd3 d5 13. exd5 exd5 14. Rad1 e4 15. Nxe4 Nxe4 16. Qb3 Na5 17. Qxd5+ Qxd5 18. Rxd5 Nc4 19. Rd4 Nxe3 20. Rxe4 Nxf1 21. Rxe7 Rxf3 22. gxf3 Nd2 23. Kg2 b5 24. b3 Rc8 25. Ra7 Rc6 26. a4 Rg6+ 0-1


[Site "https://www.chess.com"]

[Event "Titled Tuesday Blitz April 18 Early 2023"]
[White "Palczert, Matyas"]
[Black "Harshad S"]
[WhiteFideId "784958"]
[BlackFideId "46616551"]
[WhiteElo "2224"]
[BlackElo "2163"]
[Result "0-1"]
[Round "10"]
[TimeControl "180+2"]
[Date "2023.04.18"]
[WhiteClock "0:00:06"]
[BlackClock "0:00:36"]

1. e4 c5 2. Nf3 Qc7 3. Nc3 e6 4. d4 cxd4 5. Nxd4 a6 6. a3 Nf6 7. Be2 Nc6 8. Be3 Be7 9. O-O O-O 10. Nxc6 bxc6 11. f4 d5 12. e5 Nd7 13. Nb1 Rb8 14. b3 c5 15. c4 Bb7 16. Nd2 d4 17. Bf2 a5 18. a4 f6 19. exf6 Nxf6 20. Bf3 Bd6 21. g3 e5 22. fxe5 Bxe5 23. Re1 Kh8 24. Bxb7 Rxb7 25. Qf3 Rbb8 26. Qd3 Ng4 27. Re2 Qf7 28. Rf1 Qh5 29. h4 g5 30. Nf3 gxh4 31. Nxh4 Rg8 32. Be1 Ne3 33. Rxe3 dxe3 34. Qxe3 Bd4 35. Bc3 Rxg3+ 0-1


[Site "https://www.chess.com"]

[Event "Titled Tuesday Blitz April 18 Early 2023"]
[White "Berezin, Viktor"]
[Black "Bettalli, Francesco"]
[WhiteFideId "14107872"]
[BlackFideId "2816453"]
[WhiteElo "2310"]
[BlackElo "2216"]
[Result "1-0"]
[Round "10"]
[TimeControl "180+2"]
[Date "2023.04.18"]
[WhiteClock "0:01:20"]
[BlackClock "0:01:48"]

1. d4 g6 2. Nf3 Bg7 3. g3 c5 4. d5 Nf6 5. Bg2 O-O 6. O-O b5 7. a4 b4 8. Nfd2 Bb7 9. Nc4 d6 10. e4 Nbd7 11. Nbd2 a5 12. Re1 Ne8 13. Nb3 Nb6 14. Ncxa5 Ba6 15. Nc6 Qc7 16. Ra2 Bc4 17. a5 Nc8 18. Bf1 Bxf1 19. Kxf1 Na7 20. Nxa7 Rxa7 21. Kg2 c4 22. Nd4 Rxa5 23. Rxa5 Qxa5 24. Nc6 Qc7 25. Nxb4 Nf6 26. c3 Nd7 27. Nc6 Nc5 28. Bg5 Re8 29. Re2 e6 30. Nd4 exd5 31. exd5 Rxe2 32. Qxe2 h6 33. Qe8+ Kh7 34. Be3 Nd3 35. Nc6 Nxb2 36. Ne7 1-0


[Site "https://www.chess.com"]

[Event "Titled Tuesday Blitz April 18 Early 2023"]
[White "Sokolovsky, Yahli"]
[Black "Bas Mas, Jose Joaquin"]
[WhiteFideId "2820242"]
[BlackFideId "22219064"]
[WhiteElo "2316"]
[BlackElo "2233"]
[Result "0-1"]
[Round "10"]
[TimeControl "180+2"]
[Date "2023.04.18"]
[WhiteClock "0:00:06"]
[BlackClock "0:00:31"]

1. b3 Nf6 2. Bb2 e6 3. Nf3 d5 4. e3 Be7 5. d4 O-O 6. Bd3 Nbd7 7. Nbd2 b6 8. O-O Bb7 9. Ne5 c5 10. f4 Ne4 11. Bxe4 dxe4 12. Ndc4 f6 13. Nxd7 Qxd7 14. dxc5 Qxd1 15. Rfxd1 Bxc5 16. Ba3 Rfd8 17. Bxc5 bxc5 18. Nb2 Kf7 19. Rxd8 Rxd8 20. Rd1 Rd5 21. c4 Rxd1+ 22. Nxd1 Bc6 23. Kf2 e5 24. fxe5 f5 25. g4 Ke6 26. gxf5+ Kxf5 27. Kg3 g5 28. e6 h5 29. e7 Kf6 30. h4 g4 31. Kf4 Kxe7 32. Nf2 a5 33. Nh1 Be8 34. a4 Bg6 35. Kg5 Kf7 36. Ng3 Kg7 37. Kf4 Kf6 38. Ne2 Ke6 39. Nc3 Kd6 40. Nd5 Bf7 41. Nc3 Bg6 42. Ne2 Ke6 43. Kg5 Kf7 44. Ng3 Kg7 45. Nh1 Kf7 46. Kf4 Kf6 47. Nf2 Ke6 48. Nd1 Kf6 49. Nc3 Ke6 50. Nd5 Kd6 51. Kg5 g3 52. Nf4 Bf7 53. Kf6 Be6 54. Ne2 g2 55. Ng1 Bg4 56. Kg5 Ke5 57. Kg6 Bf3 58. Kh6 Kf6 59. Nh3 Kf5 60. Ng1 Kg4 0-1


[Site "https://www.chess.com"]

[Event "Titled Tuesday Blitz April 18 Early 2023"]
[White "Arias, Juan Cruz"]
[Black "Akylbek2021"]
[WhiteFideId "118540"]
[WhiteElo "2243"]
[BlackElo "2451"]
[Result "1-0"]
[Round "10"]
[TimeControl "180+2"]
[Date "2023.04.18"]
[WhiteClock "0:02:26"]
[BlackClock "0:02:25"]

1. d4 Nf6 2. Bg5 g6 3. Bxf6 exf6 4. e3 Bg7 5. g3 d6 6. Bg2 c6 7. Ne2 f5 8. O-O Nd7 9. c4 Nf6 10. Nbc3 h5 11. h4 Ng4 12. Nf4 g5 13. hxg5 h4 14. gxh4 Rxh4 15. Nh3 Kd7 16. Qf3 Kc7 17. Qg3 Be6 18. Qxh4 1-0


[Site "https://www.chess.com"]

[Event "Titled Tuesday Blitz April 18 Early 2023"]
[White "Janaszak, Dawid"]
[Black "Koutsin, Sergey"]
[WhiteFideId "1119206"]
[BlackFideId "14101483"]
[WhiteElo "2220"]
[BlackElo "2381"]
[Result "1-0"]
[Round "10"]
[TimeControl "180+2"]
[Date "2023.04.18"]
[WhiteClock "0:01:28"]
[BlackClock "0:00:24"]

1. e4 e6 2. b3 d5 3. Bb2 dxe4 4. Nc3 Nf6 5. Qe2 b6 6. Nxe4 Bb7 7. Nxf6+ gxf6 8. O-O-O a5 9. Qh5 a4 10. Bb5+ c6 11. Bc4 Qe7 12. Nf3 Kd8 13. Rhe1 Nd7 14. Nd4 axb3 15. axb3 Ne5 16. Rxe5 fxe5 17. Qxe5 Rg8 18. Qe4 Kc7 19. Nxe6+ fxe6 20. Bxe6 Re8 21. Be5+ Kd8 22. Qd3+ 1-0


[Site "https://www.chess.com"]

[Event "Titled Tuesday Blitz April 18 Early 2023"]
[White "MKlose11"]
[Black "Dwilewicz, Katarzyna"]
[BlackFideId "1148486"]
[WhiteElo "2586"]
[BlackElo "2065"]
[Result "0-1"]
[Round "10"]
[TimeControl "180+2"]
[Date "2023.04.18"]
[WhiteClock "0:01:10"]
[BlackClock "0:00:08"]

1. e4 c5 2. Nc3 e6 3. g3 d5 4. Bg2 Nf6 5. Nge2 Nc6 6. exd5 exd5 7. d4 cxd4 8. Nxd4 Bg4 9. Nce2 Bc5 10. Be3 Qb6 11. f3 Bd7 12. O-O O-O 13. c3 Rfe8 14. Bf2 Nxd4 15. Nxd4 Qxb2 16. Rb1 Qxa2 17. Rxb7 Qa4 18. Qd3 Rab8 19. Rfb1 Rxb7 20. Rxb7 Qa1+ 21. Bf1 Bh3 22. Rb1 Bxf1 23. Rxf1 Qa2 24. Qb5 Bb6 25. g4 h6 26. h4 Qc4 27. Qb1 Qxc3 28. g5 hxg5 29. hxg5 Nh5 30. Qb5 Rc8 31. Nf5 Bxf2+ 32. Rxf2 Qc1+ 33. Rf1 Qxg5+ 34. Kf2 Qxf5 35. Re1 Rc2+ 36. Re2 Rxe2+ 37. Kxe2 Qe6+ 38. Kf2 Qb6+ 39. Qxb6 axb6 0-1


[Site "https://www.chess.com"]

[Event "Titled Tuesday Blitz April 18 Early 2023"]
[White "Koridze, Lile"]
[Black "Hirneise, Jens"]
[WhiteFideId "13612514"]
[BlackFideId "24614734"]
[WhiteElo "2047"]
[BlackElo "2345"]
[Result "1-0"]
[Round "10"]
[TimeControl "180+2"]
[Date "2023.04.18"]
[WhiteClock "0:00:11"]
[BlackClock "0:00:29"]

1. d4 Nf6 2. c4 e5 3. dxe5 Ng4 4. Bf4 Qe7 5. Nc3 Nxe5 6. Nd5 Qd6 7. c5 Qxc5 8. Bxe5 c6 9. Nc7+ Kd8 10. Nxa8 Qxe5 11. Qd2 b6 12. Nf3 Qf6 13. e3 Bb7 14. Nxb6 axb6 15. Be2 Kc7 16. O-O Be7 17. b4 Rd8 18. Rac1 d5 19. Nd4 Kd7 20. Qc2 g6 21. a3 Ke8 22. Qa4 Qd6 23. Qa7 Bc8 24. Qxb6 Bd7 25. Nb3 Rc8 26. Nc5 Bd8 27. Qb7 Qc7 28. Qxc7 Rxc7 29. Nxd7 Kxd7 30. Rfd1 Ra7 31. b5 cxb5 32. Rxd5+ Ke7 33. Rxb5 Nd7 34. Rb3 Bc7 35. Rd1 Nc5 36. Rc3 Bd6 37. g3 Ne4 38. Rc4 Nc5 39. Rcd4 Bb8 40. a4 Rxa4 41. Rxa4 Nxa4 42. Bf3 Nc5 43. Rc1 Bd6 44. Kf1 h5 45. Ke2 Nd7 46. Ra1 Ne5 47. Ra7+ Ke6 48. Bb7 Kf6 49. Bd5 Bc5 50. Rb7 Bd6 51. f4 g5 52. fxe5+ Kxe5 53. Bxf7 h4 54. gxh4 gxh4 55. h3 Kf6 56. Bh5 Bg3 57. Bg4 Ke5 58. Kf3 Kf6 59. e4 Ke5 60. Rf7 Kd6 61. Rf5 Ke6 62. Rh5+ Kf6 63. Bc8 Ke7 64. Kg4 Kf6 65. Bf5 Ke5 66. Rxh4 Bxh4 67. Kxh4 Kf6 68. Kg4 Ke5 69. Kg5 1-0


[Site "https://www.chess.com"]

[Event "Titled Tuesday Blitz April 18 Early 2023"]
[White "Vlassov, Nikolai"]
[Black "Skaric, Djuro"]
[WhiteFideId "4103360"]
[BlackFideId "934569"]
[WhiteElo "2324"]
[BlackElo "2282"]
[Result "1-0"]
[Round "10"]
[TimeControl "180+2"]
[Date "2023.04.18"]
[WhiteClock "0:00:04"]
[BlackClock "0:00:52"]

1. e4 d6 2. f4 Nc6 3. d4 g6 4. d5 Nb8 5. Qd4 f6 6. Nf3 Bg7 7. Nc3 Nh6 8. h4 Bg4 9. Nh2 Bd7 10. Be2 c5 11. Qd2 a6 12. g4 b5 13. g5 Nf7 14. h5 fxg5 15. fxg5 e5 16. h6 Bf8 17. Qe3 Be7 18. Rg1 c4 19. Bd2 O-O 20. O-O-O b4 21. Nb1 a5 22. Bxc4 Na6 23. Rdf1 Nc5 24. Be2 Rb8 25. Bc4 a4 26. a3 bxa3 27. Nxa3 Qc7 28. Qc3 Nxe4 29. Qa5 Qc8 30. Nf3 Nxd2 31. Qxd2 Qd8 32. Nb1 Nxg5 33. Nxg5 Rxf1+ 34. Bxf1 Bf5 35. Bd3 e4 36. Bf1 e3 37. Qxe3 Bf6 38. Ne6 Qe7 39. c3 Be5 40. Bd3 Bxe6 41. dxe6 Qxe6 42. Nd2 Qa2 43. Bc4+ 1-0


[Site "https://www.chess.com"]

[Event "Titled Tuesday Blitz April 18 Early 2023"]
[White "Pavlidou, Ekaterini"]
[Black "Pajeken, Jakob Leon"]
[WhiteFideId "4213262"]
[BlackFideId "12942839"]
[WhiteElo "2126"]
[BlackElo "2414"]
[Result "0-1"]
[Round "10"]
[TimeControl "180+2"]
[Date "2023.04.18"]
[WhiteClock "0:00:11"]
[BlackClock "0:02:02"]

1. d4 d5 2. c4 dxc4 3. Nf3 Nf6 4. e3 e6 5. Bxc4 c5 6. O-O Nc6 7. a3 a6 8. Qe2 b5 9. Ba2 Bb7 10. Rd1 Qc7 11. Nc3 Rd8 12. d5 exd5 13. Nxd5 Nxd5 14. Bxd5 Be7 15. e4 O-O 16. Be3 Bf6 17. a4 c4 18. axb5 axb5 19. Rac1 Nb4 20. Bxb7 Qxb7 21. e5 Be7 22. Bd4 Nd3 23. Rxd3 cxd3 24. Qxd3 Rd7 25. Qe3 Qd5 26. b4 Bxb4 27. h4 Be7 28. h5 h6 29. Re1 b4 30. Bb2 b3 31. e6 fxe6 32. Qc3 Bf6 33. Ne5 Bxe5 34. Rxe5 Qd1+ 35. Kh2 Rxf2 36. Rd5 Qxd5 0-1


[Site "https://www.chess.com"]

[Event "Titled Tuesday Blitz April 18 Early 2023"]
[White "Ibadov, Dashgyn"]
[Black "micke12a"]
[WhiteFideId "24107514"]
[WhiteElo "2208"]
[BlackElo "2361"]
[Result "0-1"]
[Round "10"]
[TimeControl "180+2"]
[Date "2023.04.18"]
[WhiteClock "0:00:39"]
[BlackClock "0:01:18"]

1. e4 c5 2. Nf3 d6 3. d4 cxd4 4. Nxd4 Nf6 5. Nc3 g6 6. Be2 Bg7 7. O-O O-O 8. Bg5 Nc6 9. Nb3 a5 10. a4 Be6 11. Re1 Rc8 12. Bb5 Qb6 13. Nd5 Bxd5 14. exd5 Nb4 15. Bxf6 Bxf6 16. c3 Na6 17. Bxa6 Qxa6 18. Nd4 Rc5 19. Nb5 Kg7 20. Qd3 Qb6 21. Rad1 Rfc8 22. g3 Rc4 23. b3 R4c5 24. c4 Qd8 25. Kg2 Qd7 26. h4 h5 27. Re4 Qf5 28. Rde1 b6 29. Nd4 Qd7 30. Nc6 R8xc6 31. dxc6 Qxc6 32. Kg1 e6 33. Rd1 d5 34. Rf4 Be5 35. Rf3 dxc4 36. bxc4 Rxc4 37. Qd7 Qxf3 0-1


[Site "https://www.chess.com"]

[Event "Titled Tuesday Blitz April 18 Early 2023"]
[White "Novikova, Galina"]
[Black "benny_aizenberg"]
[WhiteFideId "4157095"]
[WhiteElo "1953"]
[BlackElo "2574"]
[Result "0-1"]
[Round "10"]
[TimeControl "180+2"]
[Date "2023.04.18"]
[WhiteClock "0:00:49"]
[BlackClock "0:00:23"]

1. e4 d6 2. d4 Nf6 3. Nc3 g6 4. f3 Bg7 5. Be3 c6 6. Qd2 b5 7. O-O-O b4 8. Nce2 a5 9. Kb1 Nbd7 10. g4 Nb6 11. Nc1 h5 12. g5 Nfd7 13. h4 Ba6 14. Bxa6 Rxa6 15. Qe2 Qa8 16. f4 a4 17. f5 a3 18. b3 Ra5 19. fxg6 fxg6 20. Nh3 c5 21. Nf4 Qxe4 22. Qd2 cxd4 23. Bxd4 Bxd4 24. Rhe1 Bc3 25. Rxe4 Bxd2 26. Rxd2 Ne5 27. Rxb4 Nbd7 28. Ncd3 O-O 29. c4 Nxd3 30. Nxd3 Rf1+ 31. Kc2 Ra1 32. Kc3 Kf7 33. Rf2+ Ke6 34. Nf4+ Kf5 35. Rb7 Nc5 36. Nd3+ Kg4 37. Nxc5 Rxc5 38. Rxe7 Kxh4 39. Re6 Rxg5 40. Rxd6 Rc1+ 41. Kb4 Kg3 42. Rdd2 Rg1 43. Kxa3 h4 44. b4 h3 45. c5 Rh5 46. c6 h2 47. Rxh2 Rxh2 48. Rxh2 Kxh2 49. b5 Rc1 50. Kb4 g5 51. Ka5 g4 52. b6 Rc5+ 53. Ka6 Rxc6 54. Kb5 Rxb6+ 55. Kxb6 g3 56. a4 g2 57. a5 g1=Q+ 58. Ka6 Qc5 59. Kb7 Qxa5 0-1


[Site "https://www.chess.com"]

[Event "Titled Tuesday Blitz April 18 Early 2023"]
[White "Gheorghiu, Calin"]
[Black "Moksh Amit Doshi"]
[WhiteFideId "1200305"]
[BlackFideId "25064967"]
[WhiteElo "2223"]
[BlackElo "2297"]
[Result "0-1"]
[Round "10"]
[TimeControl "180+2"]
[Date "2023.04.18"]
[WhiteClock "0:00:02"]
[BlackClock "0:00:51"]

1. e4 c6 2. d4 d5 3. e5 Bf5 4. Nf3 e6 5. Be2 Nd7 6. O-O a5 7. a4 Ne7 8. b3 f6 9. c4 Ng6 10. Bb2 fxe5 11. dxe5 Bc5 12. cxd5 cxd5 13. Nc3 O-O 14. Nb5 Nf4 15. Rc1 Qb6 16. Nfd4 Nxe5 17. Nxf5 Rxf5 18. Bg4 Nxg4 19. Qxg4 Bxf2+ 20. Kh1 Ng6 21. Nc7 Raf8 22. Ba3 Bc5 23. Bxc5 Rxf1+ 0-1


[Site "https://www.chess.com"]

[Event "Titled Tuesday Blitz April 18 Early 2023"]
[White "Kyaw Lay Htaik"]
[Black "SashaKuzhilniy"]
[WhiteFideId "13002007"]
[WhiteElo "2261"]
[BlackElo "2570"]
[Result "0-1"]
[Round "10"]
[TimeControl "180+2"]
[Date "2023.04.18"]
[WhiteClock "0:00:16"]
[BlackClock "0:00:16"]

1. d4 Nf6 2. Nf3 b5 3. Bf4 Bb7 4. e3 a6 5. Nbd2 d6 6. a4 bxa4 7. c3 Nh5 8. Bg5 h6 9. Bh4 g5 10. Bg3 Nxg3 11. hxg3 Bg7 12. Qxa4+ Nd7 13. Qb3 Nb6 14. Bd3 e6 15. c4 Qe7 16. Be2 O-O 17. Rc1 Rab8 18. Qc2 c5 19. Ne4 f5 20. Nc3 cxd4 21. exd4 g4 22. Nh4 Bxd4 23. Ng6 Qg7 24. Nxf8 Rxf8 25. Qb3 Bxg2 26. Rh2 Ba8 27. c5 Nd5 28. cxd6 Qe5 29. Kf1 f4 30. Nxd5 Bxd5 31. Qc2 Kg7 32. Qc7+ Kg6 33. d7 Qxc7 34. Rxc7 fxg3 35. Rc8 gxh2 36. Bf3 Bxf3 37. Ke1 h1=Q+ 0-1


[Site "https://www.chess.com"]

[Event "Titled Tuesday Blitz April 18 Early 2023"]
[White "Koutlas, Nikolaos"]
[Black "Cherniaiev, Tykhon"]
[WhiteFideId "25827138"]
[BlackFideId "14182360"]
[WhiteElo "2215"]
[BlackElo "2450"]
[Result "0-1"]
[Round "10"]
[TimeControl "180+2"]
[Date "2023.04.18"]
[WhiteClock "0:01:38"]
[BlackClock "0:01:43"]

1. c4 e5 2. Nc3 Nf6 3. g3 d5 4. cxd5 Nxd5 5. Bg2 Be6 6. Nf3 Nc6 7. O-O Nb6 8. a3 a5 9. d3 Be7 10. Be3 O-O 11. Rc1 Nd5 12. Nxd5 Bxd5 13. Bc5 f6 14. Bxe7 Qxe7 15. Nd2 Bxg2 16. Kxg2 Kh8 17. Ne4 Nd4 18. e3 Ne6 19. Qb3 c6 20. a4 Rfd8 21. Rfd1 Rd5 22. Qb6 h6 23. Nc5 Rxc5 24. Rxc5 Nxc5 0-1


[Site "https://www.chess.com"]

[Event "Titled Tuesday Blitz April 18 Early 2023"]
[White "Wisniacki, Flavio"]
[Black "Weetik, Vjacheslav"]
[WhiteFideId "119229"]
[BlackFideId "4153472"]
[WhiteElo "2150"]
[BlackElo "2469"]
[Result "0-1"]
[Round "10"]
[TimeControl "180+2"]
[Date "2023.04.18"]
[WhiteClock "0:00:54"]
[BlackClock "0:01:26"]

1. Nf3 g6 2. g3 Bg7 3. Bg2 e5 4. O-O Ne7 5. d3 d5 6. c4 c6 7. cxd5 cxd5 8. Nc3 Nbc6 9. e4 d4 10. Ne2 h6 11. Ne1 Be6 12. f4 Qd7 13. Nf3 f6 14. fxe5 fxe5 15. Bd2 O-O 16. Rc1 g5 17. Qa4 Ng6 18. Bb4 Nxb4 19. Qxb4 g4 20. Nd2 h5 21. Rxf8+ Rxf8 22. Rf1 Rc8 23. Rc1 Rxc1+ 24. Nxc1 Bh6 25. Ncb3 Be3+ 26. Kh1 Qf7 27. Nf1 Qf2 28. Nxe3 dxe3 29. Nc1 h4 0-1


[Site "https://www.chess.com"]